 Dungeon Crawl Stone Soup version 0.21.1-1-g345015f (webtiles) character file.

98 Fang the Skirmisher (level 4, -2/29 HPs)
             Began as a Gargoyle Berserker on May 11, 2018.
             Was a Believer of Trog.
             Killed from afar by a raiju (4 damage)
             ... with a living lightning
             ... on level 1 of the Abyss.
             The game lasted 00:02:04 (1686 turns).

Fang the Skirmisher (Gargoyle Berserker)            Turns: 1686, Time: 00:02:05

Health: -2/29      AC:  5    Str: 22    XL:     4   Next: 69%
Magic:  4/4        EV: 12    Int:  7    God:    Trog [**....]
Gold:   66         SH:  0    Dex:  9    Spells: 3/3 levels left

rFire    . . .     SeeInvis .   a - +0 hand axe
rCold    . . .     Gourm    .   (no shield)
rNeg     + . .     Faith    .   b - +0 animal skin
rPois    ∞         Spirit   .   (no helmet)
rElec    +         Reflect  .   (no cloak)
rCorr    .         Harm     .   (no gloves)
MR       .....                  (no boots)
Stlth    +.........             (no amulet)
HPRegen  0.09/turn              (no ring)
MPRegen  0.09/turn              (no ring)

@: berserk cooldown, slowed, very slow
A: negative energy resistance 1, electricity resistance, unbreathing,
petrification resistance, rot immunity, AC +3
a: Berserk, Trog's Hand, Burn Spellbooks, Renounce Religion


You were on level 1 of the Abyss.
You worshipped Trog.
Trog was pleased with you.
You were very hungry.

You visited 1 branch of the dungeon, and saw 2 of its levels.
You visited the Abyss 1 time.

You collected 66 gold pieces.

Inventory:

Hand Weapons
 a - a +0 hand axe (weapon)
Armour
 b - a +0 animal skin (worn)
Jewellery
 i - an uncursed amulet of regeneration {unknown}
Wands
 h - a wand of random effects (13)
Scrolls
 d - 5 scrolls of identify {unknown}
 e - 2 scrolls of remove curse {unknown}
 f - a scroll of blinking {unknown}
 g - 2 scrolls of teleportation {unknown}
 l - a scroll of fear {unknown}
 m - a scroll of enchant armour {unknown}
Potions
 k - a potion of berserk rage {unknown}
Comestibles
 c - 5 rations


   Skills:
 + Level 4.1 Fighting
 + Level 3.8 Axes
 + Level 2.2 Armour
 + Level 2.2 Dodging
 + Level 0.6 Stealth


You had 3 spell levels left.
You didn't know any spells.

Dungeon Overview and Level Annotations

Branches:
Dungeon (2/15)

Altars:
Dithmenos
Nemelex Xobeh
Sif Muna
Trog
Xom

Annotations:
D:2 Crazy Yiuf


Innate Abilities, Weirdness & Mutations

You are resistant to torment.
Your stone body is resilient. (AC +3)
You are immune to poison.
You resist negative energy. (rN+)
You are resistant to electric shocks. (rElec)
You can survive without breathing.
You are immune to petrification.
You are immune to rotting.


Message History

You are no longer berserk.
You are exhausted.
You feel yourself slow down.
The raiju barks!
You hear a bark!
You hear a screech!
The small abomination hits you!
A raiju comes into view.
The raiju barks!
You hit the small abomination but do no damage.
The small abomination hits you.
A raiju comes into view.
The raiju barks!
You hit the small abomination.
The small abomination is lightly damaged.
The small abomination hits you!
Ouch! That really hurt!
* * * LOW HITPOINT WARNING * * *
The raiju bursts into living lightning!
The living lightning hits the raiju.
The raiju completely resists.
The living lightning hits you! You resist.
You die...

.#.. . .#.#
...## # #
..... #####
##.....#
#...###
#.#....# #...
.###.x..#
#...##..#@#
########.#...#
###.#...# #.
.## #. .. .#
##


h hh You could see 3 raiju and a small abomination.

Vanquished Creatures
  Jessica (D:2)
  2 adders (D:2)
  3 dart slugs (D:1)
  2 leopard geckos
  3 giant cockroaches
  4 goblins
  3 hobgoblins
  7 jackals (D:2)
  3 kobolds
  7 bats
  3 frilled lizards
  6 rats
44 creatures vanquished.

Vanquished Creatures (others)
  A kobold (D:1)
1 creature vanquished.

Grand Total: 45 creatures vanquished

Notes
Turn   | Place    | Note
-------+----------+-------------------------------------------
     0 | D:1      | Fang the Gargoyle Berserker began the quest for the Orb.
     0 | D:1      | Reached XP level 1. HP: 14/14 MP: 1/1
   133 | D:1      | Reached XP level 2. HP: 15/19 MP: 2/2
   458 | D:1      | Reached XP level 3. HP: 24/24 MP: 3/3
   820 | D:2      | Noticed Jessica
   828 | D:2      | Killed Jessica
   828 | D:2      | Reached skill level 4 in Fighting
   828 | D:2      | Reached XP level 4. HP: 29/29 MP: 4/4
   871 | D:2      | Found a runed door.
   923 | D:2      | Reached ** piety under Trog
  1238 | D:2      | Found a bloodstained altar of Trog.
  1248 | D:2      | Found a shimmering altar of Xom.
  1254 | D:2      | Found a deep blue altar of Sif Muna.
  1254 | D:2      | Found a shadowy altar of Dithmenos.
  1255 | D:2      | Found a sparkling altar of Nemelex Xobeh.
  1575 | D:2      | Noticed Crazy Yiuf
  1579 | D:2      | Cast into level 1 of the Abyss (Crazy Yiuf)
  1679 | Abyss:1  | Noticed a small abomination
  1684 | Abyss:1  | Noticed a raiju
  1685 | Abyss:1  | Noticed a raiju
  1686 | Abyss:1  | Noticed a raiju
  1686 | Abyss:1  | Killed from afar by a raiju

Skill      XL: |  1  2  3 |
---------------+----------+-----
Axes           | 3 |  3.8
Dodging        | 2 |  2.2
Fighting       | 4 |  4.1
Armour         | |  2.2
Stealth        | |  0.6

Action                   |  1- 3 |  4- 6 || total
-------------------------+-------+-------++-------
Melee: Hand axe          |    63 |    80 ||   143
Invok: Berserk           |       |     3 ||     3
  Eat: Chunk             |       |     4 ||     4
Armor: Animal skin       |    29 |    35 ||    64
Dodge: Dodged            |    52 |    64 ||   116
